 Dungeon Crawl Stone Soup version 0.18.1-50-g88ac8fd (webtiles) character file.

12 Korbac the Grave Robber (level 2, -1/19 HPs)
             Began as a Mummy Necromancer on Oct 16, 2016.
             Slain by a gnoll (6 damage)
             ... on level 1 of the Dungeon.
             The game lasted 00:03:37 (535 turns).

Korbac the Grave Robber (Mummy Necromancer)          Turns: 535, Time: 00:03:38

Health: -1/19      AC:  2    Str: 11    XL:     2   Next: 20%
Magic:  1/5        EV:  7    Int: 14    God:
Gold:   56         SH:  0    Dex: 12    Spells: 2 memorised, 3 levels left

rFire  x . .     SeeInvis .     e - +0 short sword
rCold  + . .     Gourm    .     a - +0 robe
rNeg   + + +     Faith    .     (no shield)
rPois  ∞         Spirit   .     (no helmet)
rElec  .         Dismiss  .     (no cloak)
rCorr  .         Reflect  .     (no gloves)
SustAt .         Harm     .     (no boots)
MR     .....                    (no amulet)
Stlth  ++........               (no ring)
                                (no ring)

@: not resistant to hostile enchantments, unstealthy
A: no food or potions, fire vulnerability, cold resistance 1, negative energy
resistance 3, torment resistance, unbreathing
a: no special abilities


You were on level 1 of the Dungeon.
You were not hungry.

You visited 1 branch of the dungeon, and saw 1 of its levels.

You collected 56 gold pieces.

Inventory:

Hand Weapons
 e - a +0 short sword (weapon)
Armour
 a - a +0 robe (worn)
Jewellery
 c - an uncursed amulet of dismissal {unknown}
Scrolls
 g - a scroll of magic mapping {unknown}
 h - a scroll of identify {unknown}
Potions
 i - a potion of degeneration {unknown}
Books
 b - a book of Necromancy

   Spells                             Type                      Level
   a - Pain                           Necromancy                   1
   b - Animate Skeleton               Necromancy                   1
   c - Vampiric Draining              Necromancy                   3
   d - Regeneration                   Charms/Necromancy            3
   e - Animate Dead                   Necromancy                   4
   f - Control Undead                 Necromancy                   4
Comestibles
 d - 5 fruits
 f - a meat ration


   Skills:
 + Level 1.7 Dodging
 - Level 1.5 Stealth
 * Level 2.1 Spellcasting
 * Level 4.3 Necromancy


You had 3 spell levels left.
You knew the following spells:

 Your Spells              Type           Power        Failure   Level  Hunger
a - Pain                  Necr           ##..         4%          1    N/A
b - Animate Skeleton      Necr           N/A          4%          1    N/A

Dungeon Overview and Level Annotations

Branches:
Dungeon (1/15)

Altars:


Innate Abilities, Weirdness & Mutations

You do not eat or drink.
Your flesh is vulnerable to fire.
You are immune to poison.
Your flesh is cold resistant.
You are immune to negative energy.
You are immune to unholy pain and torment.
You can survive without breathing.


Message History

Aiming: Pain
Press: ? - help, Shift-Dir - straight line, f/p - gnoll
Aim: a gnoll (moderately wounded, chance to defeat MR: 77%)
The gnoll convulses in agony!
The gnoll hits you.
Casting: Pain
Confirm with . or Enter, or press ? or * to list all spells.
Aiming: Pain
Press: ? - help, Shift-Dir - straight line, f/p - gnoll
Aim: a gnoll (heavily wounded, chance to defeat MR: 77%)
The gnoll barely resists.
The gnoll hits you.
Casting: Pain
Confirm with . or Enter, or press ? or * to list all spells.
Aiming: Pain
Press: ? - help, Shift-Dir - straight line, f/p - gnoll
Aim: a gnoll (heavily wounded, chance to defeat MR: 77%)
The gnoll convulses in agony!
The gnoll hits you!
* * * LOW HITPOINT WARNING * * *
There is an escape hatch in the floor here.
The gnoll hits you.
You die...

..........^....# #####......
.............†.# ...........
...............# ...........
##.............# ......w....
#............### ...........
#............# .......w...
#.)..........# ...........
#............# ######### #.#
#.#.#.#.########@gg...w######.#
.............................>#
.......................####.###
#.#.#.#.########..............
#.#.#.#.###### #........###.###
..#.#.#......###.######.# #.#
...........#..........#.###.#
#.#.......##...#.# #.....##.#
#.###.#.#..#...#.# #.....##.#


You could see a gnoll, a dart slug and a hobgoblin.

Vanquished Creatures
  2 hobgoblins (D:1)
  4 kobolds (D:1)
  2 bats (D:1)
  2 giant newts (D:1)
  3 rats (D:1)
13 creatures vanquished.

Notes
Turn   | Place    | Note
--------------------------------------------------------------
     0 | D:1      | Korbac the Mummy Necromancer began the quest for the Orb.
     0 | D:1      | Reached XP level 1. HP: 13/13 MP: 3/3
   268 | D:1      | Reached XP level 2. HP: 14/19 MP: 0/5
   271 | D:1      | Learned a level 1 spell: Animate Skeleton
   535 | D:1      | Slain by a gnoll

Action                   || total
-------------------------++-------
Melee: Short sword       ||     7
       Unarmed           ||     2
 Cast: Pain              ||    25
       Animate Skeleton  ||     1
Armor: Robe              ||     3
Dodge: Dodged            ||    12
